 Dungeon Crawl Stone Soup version 0.30-a0-782-ge64f9170bb (webtiles) character file.

Game seed: 2743197660889462841

43 senseless the Shooter (level 3, -4/30 HPs)
             Began as a Minotaur Hunter on Mar 9, 2023.
             Slain by Sigmund
             ... wielding a +0 scythe
              (11 damage)
             ... on level 2 of the Dungeon on Mar 10, 2023.
             The game lasted 00:03:01 (975 turns).

senseless the Shooter (Minotaur Hunter)              Turns: 975, Time: 00:03:01

Health: -4/30      AC:  3    Str: 15    XL:     3   Next: 37%
Magic:  2/2        EV: 12    Int:  6    God:
Gold:   99         SH:  0    Dex: 15    Spells: 2/2 levels left

rFire   . . .      SeeInvis .    a - +0 shortbow
rCold   . . .      Faith    .    (shield currently unavailable)
rNeg    . . .      Spirit   .    c - +0 leather armour
rPois   .          Reflect  .    (helmet restricted)
rElec   .          Harm     .    (no cloak)
rCorr   .          Rampage  .    (no gloves)
Will    +....                    (no boots)
Stlth   ++                       (no amulet)
HPRegen 0.25/turn                l - ring of willpower
MPRegen 0.08/turn                (no ring)

@: no status effects
A: horns 2, retaliatory headbutt
a: no special abilities


You were on level 2 of the Dungeon.
You visited 1 branch of the dungeon, and saw 2 of its levels.

You collected 123 gold pieces.
You spent 24 gold pieces at shops.

Inventory:

Hand Weapons
 a - a +0 shortbow (weapon)
 g - a +0 long sword
 m - the +3 long sword of Discord {distort, rF+ rC- SInv}
   (You found it on level 2 of the Dungeon)

   rF:        It protects you from fire.
   rC:        It makes you vulnerable to cold.
   SInv:      It lets you see invisible.
Armour
 c - a +0 leather armour (worn)
Jewellery
 l - a ring of willpower (left hand)
Scrolls
 b - a scroll of immolation
 d - 4 scrolls of vulnerability {unknown}
 e - 2 scrolls of identify
 f - a scroll of fear {unknown}
 i - a scroll of torment {unknown}
Potions
 h - a potion of mutation {unknown}
 j - 2 potions of degeneration {unknown}
 k - a potion of brilliance {unknown}
 n - a potion of attraction {unknown}


   Skills:
 + Level 2.4 Fighting
 + Level 5.4 Ranged Weapons
 + Level 0.5 Armour
 + Level 2.4 Dodging
 + Level 1.0 Stealth


You had 2 spell levels left.
You didn't know any spells.
Your spell library contained the following spells:

 Spells                   Type           Power      Damage    Failure   Level
 Blink                    Tloc           0%         N/A       67%         2
 Lesser Beckoning         Tloc           0%         N/A       67%         2
 Momentum Strike          Conj/Tloc      0%         3d8       67%         2


Dungeon Overview and Level Annotations

Branches:
Dungeon (2/15)

Altars:

Shops:
D:1 ==!*?

Annotations:
D:2 Sigmund


Innate Abilities, Weirdness & Mutations

You have a pair of horns on your head.
You reflexively headbutt those who attack you in melee.


Message History

You shoot an arrow. The arrow hits the frilled lizard!
You kill the frilled lizard!
Things that are here:
a +0 helmet; a frilled lizard corpse A bat comes into view.
You shoot an arrow. The arrow hits the bat.
The bat is severely wounded.
You shoot an arrow. The arrow hits the bat.
You kill the bat!
d - 4 scrolls labelled LAH YNGEDACOSUOHI (gained 3)
n - a metallic ruby potion A worm comes into view.
You shoot an arrow. The arrow hits the worm.
The worm is lightly wounded.
You hear a shout!
You shoot an arrow. The arrow barely misses the worm.
You shoot an arrow. The arrow hits the worm!
The worm is heavily wounded.
Sigmund the Dreaded comes into view.
He is wielding a +0 scythe.
The worm bites you!
You shoot an arrow. The arrow completely misses the worm.
The worm bites you.
You shoot an arrow. The arrow hits the worm!
The worm is severely wounded.
Sigmund mumbles some strange words.
Sigmund flickers and vanishes!
Deactivating autopickup; reactivate with Ctrl-A.
The worm bites you but does no damage.
Found a book of Debilitation.
You hear some strange, mumbled words.
Something tries to affect you, but you resist.
Something hits you.
You shoot an arrow. The arrow hits the worm.
The worm is almost dead.
You shoot an arrow.
The arrow hits the worm but does no damage.
The worm is almost dead.
The worm bites you!
* * * LOW HITPOINT WARNING * * *
Something hits you!
You die...

...#......# .........+..
........#.# ######
.........# .....#
#........# ...
.....#####........# #...
........[......... ....
.....#####.###.#.# .....
.....# #.# #@##.....
.....# #.# #w#....#
.....# #.# #{...# #...##
#.# #..#.....
#...######.###+#.#......
'................#......
#...######..............
#....[.. #.......#..#...
#........#####......+...


You could see a worm.

Vanquished Creatures
  An adder (D:2)
  A worm (D:2)
  2 bats
  4 endoplasms
  3 giant cockroaches (D:1)
  4 hobgoblins
  A quokka (D:2)
  3 ball pythons
  3 frilled lizards
  2 kobolds
  5 rats
29 creatures vanquished.

Notes
Turn   | Place    | Note
-------+----------+-------------------------------------------
     0 | D:1      | senseless the Minotaur Hunter began the quest for the Orb.
     0 | D:1      | Reached XP level 1. HP: 18/18 MP: 0/0
    80 | D:1      | Found Lirox's Magic Scroll Shop.
    89 | D:1      | Bought a scroll of identify for 24 gold pieces
   212 | D:1      | Found Cota's Distillery.
   245 | D:1      | Found Kaadupimoh's Jewellery Shop.
   267 | D:1      | Reached XP level 2. HP: 25/25 MP: 1/1
   318 | D:1      | Reached skill level 5 in Ranged Weapons
   330 | D:1      | Found Haykink's Jewellery Emporium.
   417 | D:1      | Found Yvibeif's General Store.
   755 | D:2      | Reached skill level 1 in Stealth
   755 | D:2      | Reached XP level 3. HP: 15/30 MP: 2/2
   868 | D:2      | Identified the +3 long sword of Discord {distort, rF+ rC-
                  | SInv}
   968 | D:2      | Noticed Sigmund
   975 | D:2      | Slain by Sigmund

Illustrated notes

Levels and vault maps discovered:
D:1:      lightli_arrival_farm, layout_basic, serial_shops, shop_statue,
          nicolae_lakefront_shop, nicolae_shop_advertising_works
          [nicolae_subvault_shop_adworks], shop_fountains, shop_fountains
D:2:      layout_basic, uniq_sigmund

Skill      XL: |  1  2 |
---------------+-------+-----
Ranged Weapons | 5 |  5.4
Stealth        | 1 |  1.0
Fighting       | |  2.4
Armour         | |  0.5
Dodging        | |  2.4

Action                     || total
---------------------------++-------
   Fire: Shortbow          ||    80
 Armour: Leather armour    ||     3
  Dodge: Dodged            ||    19

Table legend: (Time is in decaauts)
 A = Elapsed time spent in this place.
 B = Non-inter-level travel time spent in this place.
 C = Inter-level travel time spent in this place.
 D = Time resting spent in this place.
 E = Time spent auto-exploring this place.
 F = Levels seen in this place.
 G = Mean time per level.
                   A        B        C        D        E       F      G
               +--------+--------+--------+--------+--------+-----+--------+
         Total |   1019 |    983 |     36 |      0 |    818 |   2 |  509.5 |
       Dungeon |   1019 |    983 |     36 |      0 |    818 |   2 |  509.5 |
               +--------+--------+--------+--------+--------+-----+--------+

Top non-repeatable levels by time:
     D:1: 673 daAuts
     D:2: 346 daAuts
